 Dungeon Crawl Stone Soup version 0.31.0-32-g396128a36d (webtiles) character file.

Game seed: 12553721857306258413

6218 tizbic2 the Summoner (level 10, -2/79 HPs)
             Began as a Demonspawn Gladiator on Mar 19, 2024.
             Was a Follower of Sif Muna.
             Slain by a white ugly thing (23 damage)
             ... on level 12 of the Dungeon on Mar 20, 2024.
             The game lasted 00:41:14 (8654 turns).

tizbic2 the Summoner (Demonspawn Gladiator)         Turns: 8654, Time: 00:41:14

Health: -2/79      AC:  9    Str: 23    XL:     10   Next: 61%
Magic:  19/19      EV: 12    Int: 20    God:    Sif Muna [*.....]
Gold:   324        SH:  0    Dex: 15    Spells: 17/21 levels left

rFire   . . .        a - +9 flail "Eqedyl" {freeze, Str+2 Int+2}
rCold   . . .        (no shield)
rNeg    . . .        P - +0 acid dragon scales
rPois   .            (helmet restricted)
rElec   .            (no cloak)
rCorr   +            (no gloves)
SInv    .            x - +0 pair of boots
Will    .....        h - amulet of magic regeneration
Stlth   +            I - +6 ring of intelligence
HPRegen 0.33/turn    c - +6 ring of strength
MPRegen 0.56/turn

%: no passive effects
@: corroded, sanguine armoured
A: antennae 2, sanguine armour 1, demonic magic 3
a: Renounce Religion, Channel Magic


You were on level 12 of the Dungeon.
You worshipped Sif Muna.
Sif Muna was aware of your devotion.
You visited 2 branches of the dungeon, and saw 11 of its levels.

You collected 324 gold pieces.

Inventory:

Hand Weapons
 a - the +9 flail "Eqedyl" (weapon) {freeze, Str+2 Int+2}
   (You found it on level 2 of the Dungeon)

   Str+2:     It affects your strength (+2).
   Int+2:     It affects your intelligence (+2).
 w - a +0 sling of freezing
 C - a +2 whip of electrocution
Missiles
 d - 3 throwing nets
 e - a javelin
 g - 106 stones
 N - 20 poisoned darts (quivered)
Armour
 r - a +0 scale mail of willpower
 x - a +0 pair of boots (worn)
 D - a +2 robe of willpower
 J - a +2 ring mail of cold resistance
 P - +0 acid dragon scales (worn)
Magical Staves
 q - a staff of fire
Jewellery
 c - a +6 ring of strength (right hand)
 h - an amulet of magic regeneration (around neck)
 E - a ring of wizardry
 I - a +6 ring of intelligence (left hand)
 L - the ring "Xiopnim" {+Blink MP+9}
   (You found it on level 7 of the Dungeon)

   [ring of magical power]

   MP+9:      It affects your magic capacity (+9).
   +Blink:    It lets you blink.
Talismans
 o - a dragon-blood talisman
Wands
 s - a wand of paralysis (13)
 G - a wand of flame (15)
Scrolls
 f - 5 scrolls of identify
 j - 2 scrolls of enchant weapon
 k - a scroll of torment {unknown}
 l - a scroll of revelation {unknown}
 n - a scroll of acquirement {unknown}
 p - a scroll of blinking {unknown}
 t - a scroll of vulnerability {unknown}
 u - 3 scrolls of immolation
 y - a scroll of brand weapon {unknown}
 K - a scroll of poison {unknown}
 M - a scroll of noise
 O - a scroll of enchant armour {unknown}
 Q - a scroll of amnesia {unknown}
Potions
 b - 3 potions of heal wounds {unknown}
 i - 6 potions of curing
 m - 3 potions of degeneration {unknown}
 v - 3 potions of enlightenment {unknown}
 z - 2 potions of brilliance
 A - 2 potions of lignification
 B - 2 potions of mutation
 F - a potion of berserk rage
 H - 2 potions of attraction


   Skills:
 + Level 7.5 Fighting
 + Level 7.1 Maces & Flails
 - Level 2.3 Throwing
 - Level 0.7 Armour
 - Level 2.6 Dodging
 + Level 6.3 Spellcasting
 * Level 10.1 Summonings


You had 17 spell levels left.
You knew the following spells:

 Your Spells              Type           Power      Damage    Failure   Level
a - Summon Small Mammal   Summ           100%       N/A       1%          1
b - Call Canine Familiar  Summ           46%        N/A       1%          3

Your spell library contained the following spells:

 Spells                   Type           Power      Damage    Failure   Level
 Freeze                   Ice            24%        1d4       13%         1
 Sandblast                Erth           12%        2d6       13%         1
 Summon Blazeheart Golem  Fire/Summ      26%        N/A       16%         4
 Ensorcelled Hibernation  Hex/Ice        12%        N/A       19%         2
 Mercury Vapours          Alch/Air       12%        N/A       19%         2
 Frozen Ramparts          Ice            12%        1d2       36%         3
 Hailstorm                Conj/Ice       6%         3d5       36%         3
 Inner Flame              Hex/Fire       6%         N/A       36%         3
 Mephitic Cloud           Conj/Alch/Air  6%         N/A       36%         3
 Passwall                 Erth           6%         N/A       36%         3
 Sigil of Binding         Hex            6%         N/A       36%         3
 Stone Arrow              Conj/Erth      12%        3d7       36%         3
 Swiftness                Air            6%         N/A       36%         3
 Summon Forest            Summ/Tloc      13%        N/A       41%         5
 Brom's Barrelling Bould  Conj/Erth      6%         2d3       77%         4
 Dimensional Bullseye     Hex/Tloc       3%         N/A       77%         4
 Flame Wave               Conj/Fire      6%         2d5       77%         4
 Sticky Flame             Fire/Alch      6%         2d4       77%         4
 Summon Hydra             Summ           23%        N/A       86%         7
 Freezing Cloud           Conj/Ice/Air   3%         6-21      98%         5
 Eringya's Noxious Bog    Alch           3%         4d6       100%        6


Dungeon Overview and Level Annotations

Branches:
Dungeon (12/15)            Temple (1/1) D:7
   Lair: D:8-11         Orc: D:9-12

Altars:
Ashenzari
Cheibriados
Fedhas
Gozag
Hepliaklqana
Kikubaaqudgha
Makhleb
Okawaru
Qazlal
Ru
Sif Muna
Trog
Uskayaw
Vehumet
Wu Jian
Xom

Shops:
D:6 (   D:9 *

Annotations:
D:3 1 runed translucent door, Crazy Yiuf


Innate Abilities, Weirdness & Mutations

You have a pair of antennae on your head.
When seriously injured, your blood forms armour. (AC +6)
Spells you cast and wands you use may paralyse nearby enemies.


Message History

Confirm with . or Enter, or press ? or * to list all spells.
Malevolent energies surge around you.
Your familiar recovers from its injuries.
Casting: Summon Small Mammal (safe; 1% risk of failure)
Confirm with . or Enter, or press ? or * to list all spells.
Malevolent energies surge around you.
You swap places.
The white ugly thing trunk-slaps your quokka!
Your quokka dies!
Your quokka's corpse disappears in a puff of smoke!
Casting: Summon Small Mammal (safe; 1% risk of failure)
Confirm with . or Enter, or press ? or * to list all spells.
Malevolent energies surge around you.
Your bat hits the white ugly thing but does no damage.
Your quokka misses the white ugly thing.
Something barely misses your bat.
Your bat barely misses the white ugly thing.
Casting: Summon Small Mammal (safe; 1% risk of failure)
Confirm with . or Enter, or press ? or * to list all spells.
Malevolent energies surge around you.
Your bat disappears in a puff of smoke!
Your quokka closely misses the white ugly thing.
The white ugly thing trunk-slaps your rat!
Your rat dies!
Your rat's corpse disappears in a puff of smoke!
Your quokka bites the white ugly thing.
The white ugly thing trunk-slaps your quokka!
Your quokka dies!
Your quokka's corpse disappears in a puff of smoke!
The white ugly thing gurgles horribly!
You sock the white ugly thing! You freeze the white ugly thing.
The white ugly thing is severely wounded.
You sock the white ugly thing! You freeze the white ugly thing.
The white ugly thing is almost dead.
The white ugly thing trunk-slaps you but does no damage.
The white ugly thing basks in the mutagenic energy from its kin and changes!
The white ugly thing trunk-slaps you.
* * * LOW HITPOINT WARNING * * *
The white ugly thing freezes you!!
You die...

#.# ##.# #..# ##.##
##..# #..##
#######u#####..
+.......u.....#
#######@####### #.#
#.# #.# #.#
##'######
#.......###
#.......'.#########
+...†...#.))#......


You could see 2 ugly things.

Vanquished Creatures
  Pikel (D:5)
  2 trolls
  Prince Ribbit (D:6)
  Grinder (D:4)
  Sigmund (D:5)
  3 wyverns
  A steam dragon (D:7)
  Eustachio (D:4)
  Edmund (D:4)
  An acid dragon (D:8)
  4 water moccasins
  Duvessa (D:5)
  A sky beast (D:8)
  An ice beast (D:6)
  A black bear (D:6)
  2 ogres (D:5)
  A centaur (D:6)
  2 phantoms
  2 kobold brigands (D:8)
  2 lemures (D:5)
  A bullfrog (D:7)
  A scorpion (D:7)
  4 wights
  Dowan (D:5)
  4 killer bees
  4 howler monkeys
  4 bombardier beetles
  A crimson imp (D:6)
  4 hounds
  3 orc priests
  A jelly (D:7)
  Ijyb (D:3)
  Terence (D:3)
  6 orc wizards
  4 iguanas
  7 gnolls
  7 adders
  A shadow imp (D:4)
  3 white imps
  2 ufetubi (D:6)
  A ribbon worm (D:2)
  3 dart slugs
  24 orcs
  12 endoplasms
  7 giant cockroaches
  9 goblins
  2 hobgoblins
  3 jackals (D:3)
  21 kobolds
  2 quokkas (D:2)
  10 ball pythons
  4 bats
  2 frilled lizards
  8 rats
198 creatures vanquished.

Vanquished Creatures (collateral kills)
  Maggie (D:6)
  An orc warrior (D:9)
  A bullfrog (D:7)
  2 scorpions
  A killer bee (D:9)
  2 howler monkeys
  An orc priest (D:7)
  An orc wizard (D:7)
  3 gnolls
  8 orcs
  A kobold (D:2)
  A rat (D:2)
23 creatures vanquished.

Grand Total: 221 creatures vanquished

Notes
Turn   | Place    | Note
-------+----------+-------------------------------------------
     0 | D:1      | tizbic2 the Demonspawn Gladiator began the quest for the
                  | Orb.
     0 | D:1      | Reached XP level 1. HP: 16/16 MP: 1/1
   291 | D:1      | Gained mutation: When seriously injured, your blood forms
                  | armour. (AC +6) [demonic ancestry]
   291 | D:1      | Reached XP level 2. HP: 18/22 MP: 2/2
   585 | D:1      | Learned a level 1 spell: Summon Small Mammal
   760 | D:2      | Gained mutation: Spells you cast may paralyse adjacent
                  | enemies. [demonic ancestry]
   760 | D:2      | Reached XP level 3. HP: 25/28 MP: 3/3
   767 | D:2      | Reached skill level 1 in Summonings
   981 | D:2      | Identified the +9 flail "Eqedyl" {freeze, Str+2 Int+2}
  1140 | D:2      | Gained mutation: Spells you cast may paralyse nearby
                  | enemies. [demonic ancestry]
  1140 | D:2      | Reached XP level 4. HP: 34/34 MP: 4/4
  1415 | D:2      | Reached skill level 2 in Summonings
  1941 | D:3      | Reached skill level 1 in Spellcasting
  2014 | D:3      | Gained mutation: You have a pair of small antennae on your
                  | head. [demonic ancestry]
  2014 | D:3      | Reached XP level 5. HP: 41/41 MP: 6/6
  2051 | D:3      | Noticed Terence
  2061 | D:3      | Killed Terence
  2168 | D:3      | Noticed Ijyb
  2168 | D:3      | Paralysed by Ijyb for 2 turns
  2175 | D:3      | Killed Ijyb
  2205 | D:3      | Found a faded altar of an unknown god.
  2230 | D:3      | Found a runed translucent door.
  2231 | D:3      | Noticed Crazy Yiuf
  2481 | D:3      | Reached skill level 3 in Summonings
  2779 | D:4      | Reached XP level 6. HP: 32/47 MP: 8/8
  3139 | D:4      | Noticed Edmund
  3153 | D:4      | Killed Edmund
  3154 | D:4      | Reached skill level 4 in Summonings
  3236 | D:4      | Found a hide-covered altar of Uskayaw.
  3268 | D:4      | Reached XP level 7. HP: 53/53 MP: 10/10
  3331 | D:4      | Noticed Grinder
  3343 | D:4      | Killed Grinder
  3485 | D:4      | Noticed Eustachio
  3494 | D:4      | Killed Eustachio
  3495 | D:4      | Reached skill level 5 in Summonings
  3508 | D:5      | Entered Level 5 of the Dungeon
  3596 | D:5      | Noticed Pikel
  3613 | D:5      | Killed Pikel
  3614 | D:5      | Reached skill level 5 in Fighting
  3614 | D:5      | Reached skill level 6 in Summonings
  3614 | D:5      | Gained mutation: Spells you cast and wands you use may
                  | paralyse nearby enemies. [demonic ancestry]
  3614 | D:5      | Reached XP level 8. HP: 54/62 MP: 11/13
  3655 | D:5      | Noticed Sigmund
  3662 | D:5      | Killed Sigmund
  3663 | D:5      | Reached skill level 5 in Maces & Flails
  3728 | D:5      | Noticed Duvessa
  3728 | D:5      | Noticed Dowan
  3738 | D:5      | Killed Duvessa
  3739 | D:5      | Reached skill level 7 in Summonings
  3743 | D:5      | Killed Dowan
  3749 | D:5      | Reached XP level 9. HP: 37/68 MP: 15/15
  4041 | D:5      | Learned a level 3 spell: Call Canine Familiar
  4151 | D:5      | Identified the +0 robe "Pori Maotwu" {rElec Dex+2 Stlth+}
  4511 | D:6      | Noticed a +0 demon whip
  4512 | D:6      | Found Zedghokhlo's Weapon Shop.
  4513 | D:6      | Noticed a +0 giant spiked club
  4653 | D:6      | Noticed a troll
  4863 | D:6      | Found a hazy altar of Hepliaklqana.
  5464 | D:6      | Killed a troll
  5465 | D:6      | Reached skill level 8 in Summonings
  5470 | D:6      | Noticed Prince Ribbit
  5485 | D:6      | Killed Prince Ribbit
  5486 | D:6      | Reached skill level 5 in Spellcasting
  5487 | D:6      | Noticed Maggie
  5501 | D:6      | Killed Maggie
  6206 | D:7      | Reached skill level 9 in Summonings
  6284 | D:7      | Gained mutation: You have a pair of antennae on your head.
                  | [demonic ancestry]
  6284 | D:7      | Reached XP level 10. HP: 77/77 MP: 18/18
  6302 | D:7      | Found a radiant altar of Vehumet.
  6469 | D:7      | Found a staircase to the Ecumenical Temple.
  6472 | D:7      | Identified the ring "Xiopnim" {+Blink MP+9}
  6583 | D:7      | Found a shimmering altar of Xom.
  6679 | Temple   | Entered the Ecumenical Temple
  6701 | Temple   | Became a worshipper of Sif Muna the Loreminder
  7475 | D:8      | Reached * piety under Sif Muna
  7965 | D:9      | Found Erhob's General Store.
  8452 | D:9      | Reached skill level 10 in Summonings
  8553 | D:9      | You fall into a shaft and drop 3 floors!
  8623 | D:12     | Noticed a white ugly thing
  8623 | D:12     | Noticed a brown ugly thing
  8654 | D:12     | Slain by a white ugly thing

Illustrated notes

Levels and vault maps discovered:
D:1:      wander_arrival_chamber, layout_basic, serial_forest,
          infiniplex_forest_end_3, infiniplex_forest_fountain,
          infiniplex_forest_zigzag_2, infiniplex_forest_clump_cross,
          infiniplex_forest_end_1, infiniplex_forest_lined_2
D:2:      minmay_evil_eye, layout_basic, serial_park_tiny_1,
          nicolae_underground_beach
D:3:      layout_loops_ring, hellmonk_ecumenical_altar_run_dry,
          uniq_crazy_yiuf_cottage, uniq_ijyb, uniq_terence
D:4:      layout_basic, mainiacjoe_overflow_alcove_4, cheibrodos_gnoll_hut,
          uniq_eustachio, uniq_edmund, uniq_grinder
D:5:      layout_loops_ring, uniq_duvessa, uniq_pikel, uniq_sigmund
D:6:      layout_basic, mainiacjoe_overflow_tiny_flanked, serial_shops,
          nicolae_shop_mannequins, kb_lookout_dungeons_type,
          minmay_fire_ice_demons, uniq_prince_ribbit1, uniq_maggie
D:7:      layout_loops_ring, kennysheep_mini_moat, mainiacjoe_overflow_alcove_2,
          minmay_temple_entry_arrows
D:8:      layout_basic, serial_glass, glass_columns_a, glass_columns_b,
          glass_columns_a, glass_columns_a, glass_columns_b
D:9:      layout_cave_pools, david_lair_shrubbed, serial_column_ruins,
          column_ruins_columns_dead_end, column_ruins_corridor_straight,
          column_ruins_columns_dead_end, column_ruins_corridor_corner,
          column_ruins_grid_1, serial_shops, shop
D:12:     layout_roguey, orc_0_dummy
Temple:   hellmonk_temple_two_chambers

Skill      XL: |  1  2  3  4  5  6  7  8  9 10 |
---------------+-------------------------------+-----
Throwing       | 2 |  2.3
Summonings     | 1 2 3 4 6 7 9 10 | 10.1
Maces & Flails | 3 4 5 6 7 |  7.1
Spellcasting   | 1 2 3 4 5 6 |  6.3
Fighting       | 3 5 6 7 |  7.5
Armour         | |  0.7
Dodging        | |  2.6

Action                     |  1- 3 |  4- 6 |  7- 9 | 10-12 || total
---------------------------+-------+-------+-------+-------++-------
  Melee: Flail             |   160 |   103 |   149 |   144 ||   556
         Punch             |       |     1 |       |     4 ||     5
         Whip              |       |       |       |     3 ||     3
   Fire: Sling             |    13 |    23 |       |       ||    36
  Throw: Stone             |     1 |       |       |       ||     1
   Cast: Summon Small Mamm |     4 |     4 |    23 |    10 ||    41
         Call Canine Famil |       |       |    14 |    17 ||    31
Ability: Breathe Fire      |       |     1 |       |       ||     1
    Use: Scroll            |       |       |     6 |     5 ||    11
         Potion            |       |       |     1 |       ||     1
   Stab: Paralysed         |     3 |     7 |    18 |    11 ||    39
 Armour: Leather armour    |    49 |    23 |       |       ||    72
         Ring mail         |       |    31 |   113 |    31 ||   175
         Acid dragon scale |       |       |       |    89 ||    89
  Dodge: Dodged            |    66 |    47 |    94 |    84 ||   291
         Form:             |       |     1 |       |       ||     1
         Dragon            |       |     1 |       |       ||     1
